 Dungeon Crawl Stone Soup version 0.28-a0-723-g095bd1b44f (webtiles) character file.

Game seed: 14494348583038477347

1503 Essalna the Firebug (level 8, -4/41 HPs)
             Began as a Gargoyle Fire Elementalist on Oct 26, 2021.
             Killed by divine providence
             ... invoked by an orc priest
              (12 damage)
             ... on level 6 of the Dungeon.
             The game lasted 00:13:53 (7061 turns).

Essalna the Firebug (Gargoyle Fire Elementalist)    Turns: 7061, Time: 00:13:54

Health: -4/41      AC:  8    Str: 11    XL:     8   Next: 82%
Magic:  9/16       EV: 12    Int: 25    God:
Gold:   292        SH:  5    Dex: 14    Spells: 11/18 levels left

rFire   . . .      SeeInvis .   x - +0 trident of Vakk {elec, Dex+4}
rCold   . . .      Faith    .   l - +0 buckler
rNeg    + . .      Spirit   .   a - +0 robe
rPois   ∞          Reflect  .   q - +0 helmet
rElec   +          Harm     .   (no cloak)
rCorr   .          Rampage  .   (no gloves)
Will    +....                   (no boots)
Stlth   ++........              (no amulet)
HPRegen 0.13/turn               b - +6 ring of intelligence
MPRegen 0.15/turn               n - ring of willpower

@: no status effects
A: sickness immunity, AC +5, negative energy resistance 1, electricity
resistance, torment resistance 1, petrification resistance
a: no special abilities


You were on level 6 of the Dungeon.
You visited 1 branch of the dungeon, and saw 6 of its levels.

You collected 292 gold pieces.

Inventory:

Hand Weapons
 e - a +0 dagger
 m - a +3 dagger
 s - a +1 whip of freezing
 x - the +0 trident of Vakk (weapon) {elec, Dex+4}
   (You found it on level 5 of the Dungeon)

   It occasionally discharges a powerful burst of electricity upon striking a
   foe.
   Dex:       It affects your dexterity (+4).
Armour
 a - a +0 robe (worn)
 l - a +0 buckler (worn)
 q - a +0 helmet (worn)
Jewellery
 b - a +6 ring of intelligence (left hand)
 f - a ring of see invisible
 j - a +6 ring of dexterity
 n - a ring of willpower (right hand)
 C - a ring of positive energy
Wands
 k - a wand of acid (7)
 r - a wand of polymorph (10)
 D - a wand of flame (18)
Scrolls
 c - a scroll of immolation {unknown}
 d - 8 scrolls of identify {unknown}
 g - a scroll of fog {unknown}
 i - a scroll of summoning {unknown}
 t - 2 scrolls of noise {unknown}
 v - a scroll of teleportation {unknown}
 w - a scroll of enchant armour {unknown}
 y - a scroll of amnesia {unknown}
 A - a scroll of magic mapping {unknown}
Potions
 h - 3 potions of might
 o - a potion of invisibility {unknown}
 p - 2 potions of lignification {unknown}
 u - a potion of ambrosia {unknown}
 z - a potion of curing {unknown}
 B - 2 potions of mutation {unknown}


   Skills:
 - Level 1.5 Dodging
 - Level 2.1 Stealth
 - Level 4.0 Shields
 + Level 5.5 Spellcasting
 + Level 6.2 Conjurations
 + Level 6.5 Fire Magic


You had 11 spell levels left.
You knew the following spells:

 Your Spells              Type           Power      Damage    Failure   Level
a - Foxfire               Conj/Fire      100%       2x1d9     1%          1
b - Scorch                Fire           78%        2d8       1%          2
c - Flame Wave            Conj/Fire      38%        3d8       5%          4

Your spell library contained the following spells:

 Spells                   Type           Power      Damage    Failure   Level
 Conjure Flame            Conj/Fire      38%        6-21      1%          3
 Inner Flame              Hex/Fire       23%        N/A       6%          3
 Animate Skeleton         Necr           12%        N/A       8%          1
 Apportation              Tloc           12%        N/A       8%          1
 Beastly Appendage        Tmut           12%        N/A       8%          1
 Summon Small Mammal      Summ           24%        N/A       8%          1
 Wereblood                Tmut           6%         N/A       12%         2
 Spider Form              Tmut/Pois      3%         N/A       24%         3


Dungeon Overview and Level Annotations

Branches:
Dungeon (6/15)             Temple (0/1) D:6

Altars:
Fedhas
Hepliaklqana
Xom

Shops:
D:2 *

Annotations:
D:5 3 runed translucent doors, technautist's ghost, novice DrTm
D:6 Prince Ribbit


Innate Abilities, Weirdness & Mutations

You are immune to sickness and miasma.
Your stone body is resilient. (AC +5)
You are immune to poison.
You resist negative energy. (rN+)
You are resistant to electric shocks. (rElec)
You are resistant to unholy torment.
You are immune to petrification.


Message History

A wave of flame ripples out!
The flame wave engulfs the orc!
You kill the orc!
The flame wave engulfs the centaur zombie!!
The centaur zombie is almost destroyed.
You hear an angry hiss.
You hear a shout! x2
The centaur zombie hits you. You block the centaur zombie's attack.
You hear an angry hiss.
A wave of flame ripples out!
The flame wave engulfs the centaur zombie!
You destroy the centaur zombie!
The flame wave engulfs the orc warrior but does no damage.
You finish channelling waves of flame.
You hear a shout! x5
A centaur comes into view.
An ogre comes into view. It is wielding a +0 giant spiked club.
The orc warrior hits you with a +0 war axe.
A water moccasin comes into view.
Casting: Flame Wave (dangerous; 5% risk of failure)
Confirm with . or Enter, or press ? or * to list all spells.
Flames lash the orc warrior.
The orc warrior is moderately wounded.
The orc warrior's fire resistance burns away.
The centaur wields a +0 shortbow.
The centaur shoots an arrow.
The arrow hits you.
The orc priest mumbles some strange prayers to Beogh against you.
Beogh smites you!
A black bear comes into view.
The orc warrior barely misses you.
An adder comes into view.
The centaur shoots an arrow.
The arrow misses you.
A necrophage comes into view.
The adder moves out of view.
The centaur shoots an arrow.
You block the arrow.
The orc warrior is no longer more vulnerable to fire.
The orc priest calls down the wrath of Beogh upon you.
Beogh smites you!
* * * LOW HITPOINT WARNING * * *
The orc priest mumbles some strange prayers to Beogh against you.
Beogh smites you!
You die...

#..>.....> ....⌠.⌠ .#
.... ..# #### ### ##
#.. #..####.####.#
.#... #............#
.#.####
#.#.###.########.......
#.#[# #.#######..n.....
#.#.# #...@.oc...#
#.#.# ##########Oo#
#.#.# .## #.#.# .#
#.#.# o# #.#.# OS
#.#.######### .h
#.#.....).... .#
#.#..<#####


You could see an orc warrior, an ogre, a necrophage, a centaur and an orc
priest.

Vanquished Creatures
  Pikel (D:4)
  An ice beast (D:5)
  2 black bears
  An ogre (D:4)
  A centaur (D:5)
  A lemure (D:4)
  A water moccasin skeleton (D:5)
  A bullfrog zombie (D:5)
  2 centaur zombies
  2 hounds
  A jelly (D:4)
  2 centaur skeletons (D:4)
  An orc priest (D:3)
  A bullfrog skeleton (D:6)
  An iguana (D:5)
  Jessica (D:3)
  Terence (D:3)
  An orc wizard (D:2)
  A killer bee zombie (D:6)
  3 gnolls (D:5)
  4 adders
  A white imp (D:6)
  5 worms (D:2)
  A dart slug (D:4)
  9 orcs
  8 endoplasms
  2 giant cockroaches
  7 goblins
  9 hobgoblins
  3 jackals (D:3)
  3 quokkas
  6 ball pythons
  4 bats
  2 frilled lizards
  2 kobolds (D:1)
  7 rats
  A spectral orc (D:3)
100 creatures vanquished.

Vanquished Creatures (others)
  337 foxfires
337 creatures vanquished.

Grand Total: 437 creatures vanquished

Notes
Turn   | Place    | Note
-------+----------+-------------------------------------------
     0 | D:1      | Essalna the Gargoyle Fire Elementalist began the quest for
                  | the Orb.
     0 | D:1      | Reached XP level 1. HP: 10/10 MP: 3/3
    28 | D:1      | Found a faded altar of an unknown god.
   129 | D:1      | Reached XP level 2. HP: 15/15 MP: 0/5
  1218 | D:2      | Reached XP level 3. HP: 18/19 MP: 0/6
  1965 | D:2      | Reached XP level 4. HP: 22/24 MP: 2/8
  2025 | D:2      | Found Sealih's General Store.
  2648 | D:3      | Found a hazy altar of Hepliaklqana.
  2746 | D:3      | Found a blossoming altar of Fedhas.
  2798 | D:3      | Noticed Terence
  2810 | D:3      | Killed Terence
  2811 | D:3      | Reached XP level 5. HP: 28/28 MP: 3/9
  3156 | D:3      | Learned a level 2 spell: Scorch
  3326 | D:3      | Noticed Jessica
  3330 | D:3      | Killed Jessica
  3432 | D:3      | Reached skill level 1 in Shields
  4062 | D:4      | Reached XP level 6. HP: 32/32 MP: 4/11
  5160 | D:4      | Noticed Pikel
  5169 | D:4      | Killed Pikel
  5170 | D:4      | Reached skill level 5 in Fire Magic
  5170 | D:4      | Reached XP level 7. HP: 34/36 MP: 0/13
  5367 | D:5      | Entered Level 5 of the Dungeon
  5446 | D:5      | Reached XP level 8. HP: 38/41 MP: 6/14
  5520 | D:5      | Reached skill level 5 in Conjurations
  5743 | D:5      | Identified the +0 trident of Vakk {elec, Dex+4}
  5815 | D:5      | Found a shimmering altar of Xom.
  5816 | D:5      | Noticed a hornet
  5867 | D:5      | Found a runed translucent gate.
  5868 | D:5      | Found a runed translucent gate.
  5869 | D:5      | Found a runed translucent gate.
  5871 | D:5      | Noticed technautist's ghost (novice DrTm)
  6127 | D:5      | Reached skill level 5 in Spellcasting
  6491 | D:6      | Noticed Prince Ribbit
  6836 | D:6      | Learned a level 4 spell: Flame Wave
  7028 | D:6      | Found a staircase to the Ecumenical Temple.
  7061 | D:6      | Killed from afar by an orc priest

Illustrated notes

Levels and vault maps discovered:
D:1:      minmay_arrival_four_houses, layout_basic,
          ebering_ecumenical_altar_webs, serial_rivers,
          chequers_serial_rivers_room_b, chequers_serial_rivers_micro_b,
          chequers_serial_rivers_small_3, chequers_serial_rivers_small_3,
          chequers_serial_rivers_marsh, chequers_serial_rivers_micro_b
D:2:      layout_rooms, serial_shops, shop, serial_park_tiny_pond
D:3:      layout_basic, nicolae_hepliaklqana_monster_ancestors,
          mainiacjoe_overflow_surrounded_room, minmay_misc_feat_tower,
          grunt_decor_arrowhead, uniq_jessica, uniq_terence
D:4:      layout_loops_cross, kennysheep_cluttered_room, uniq_pikel
D:5:      layout_loops_ring, xom_teletrap_fun, gammafunk_ghost_split
D:6:      layout_loops_ring, minmay_temple_entry_from_below_b,
          minmay_ruined_shrine, uniq_prince_ribbit1

Skill      XL: |  1  2  3  4  5  6  7  8 |
---------------+-------------------------+-----
Conjurations   | 2 3 4 6 |  6.2
Spellcasting   | 3 4 5 |  5.5
Fire Magic     | 4 5 6 |  6.5
Shields        | 1 3 4 |  4.0
Dodging        | |  1.5
Stealth        | |  2.1

Action                   |  1- 3 |  4- 6 |  7- 9 || total
-------------------------+-------+-------+-------++-------
Melee: Unarmed           |     3 |       |       ||     3
       Dagger            |    30 |    18 |       ||    48
       Whip              |       |       |    11 ||    11
       Trident           |       |       |    35 ||    35
 Cast: Foxfire           |    83 |   115 |    26 ||   224
       Scorch            |       |    18 |    24 ||    42
       Flame Wave        |       |       |     1 ||     1
  Use: Potion            |       |     2 |       ||     2
 Stab: Sleeping          |     1 |       |     1 ||     2
Armor: Robe              |    20 |    10 |    17 ||    47
Dodge: Dodged            |    26 |    24 |    32 ||    82
Block: Buckler           |       |     7 |    15 ||    22

Table legend: (Time is in decaauts)
 A = Elapsed time spent in this place.
 B = Non-inter-level travel time spent in this place.
 C = Inter-level travel time spent in this place.
 D = Time resting spent in this place.
 E = Time spent auto-exploring this place.
 F = Levels seen in this place.
 G = Mean time per level.
                   A        B        C        D        E       F      G
               +--------+--------+--------+--------+--------+-----+--------+
         Total |   7083 |   6837 |    246 |      0 |   5882 |   6 | 1180.5 |
       Dungeon |   7083 |   6837 |    246 |      0 |   5882 |   6 | 1180.5 |
               +--------+--------+--------+--------+--------+-----+--------+

Top non-repeatable levels by time:
     D:3: 1608 daAuts
     D:5: 1403 daAuts
     D:4: 1373 daAuts
     D:2: 1224 daAuts
     D:1: 1170 daAuts
     D:6: 303 daAuts
